 Dungeon Crawl Stone Soup version 0.27.1-34-g3ba077fa99 (webtiles) character file.

Game seed: 599805335861194932

207 buriedalive the Chiller (level 5, -4/28 HPs)
             Began as a Deep Elf Ice Elementalist on Jan 19, 2022.
             Slain by Grinder (6 damage)
             ... while paralysed by Grinder
             ... on level 3 of the Dungeon.
             The game lasted 00:06:36 (2772 turns).

buriedalive the Chiller (Deep Elf Ice Elementalist) Turns: 2772, Time: 00:06:37

Health: -4/28      AC:  4    Str:  5    XL:     5   Next: 54%
Magic:  10/11      EV:  2    Int: 21    God:
Gold:   101        SH:  0    Dex: 15    Spells: 3/10 levels left

rFire    . . .     SeeInvis .   m - +3 quarterstaff (chaos)
rCold    . . .     Faith    .   (shield currently unavailable)
rNeg     . . .     Spirit   .   a - +0 robe
rPois    .         Reflect  .   (no helmet)
rElec    .         Harm     .   n - +0 cloak {Will+}
rCorr    .         Rampage  .   (no gloves)
Will     +....                  l - +0 pair of boots
Stlth    ++........             (no amulet)
HPRegen  0.09/turn              (no ring)
MPRegen  0.12/turn              (no ring)

@: paralysed, mighty, brilliant
A: no striking features
a: no special abilities


You were on level 3 of the Dungeon.
You visited 1 branch of the dungeon, and saw 3 of its levels.

You collected 101 gold pieces.

Inventory:

Hand Weapons
 b - a +0 short sword
 m - a +3 quarterstaff of chaos (weapon)
Missiles
 h - 23 poisoned darts
Armour
 a - a +0 robe (worn)
 l - a +0 pair of boots (worn)
 n - a +0 cloak of willpower (worn)
Jewellery
 k - an amulet of guardian spirit
Scrolls
 e - a scroll of brand weapon {unknown}
 f - 2 scrolls of identify {unknown}
 i - 2 scrolls of magic mapping {unknown}
Potions
 c - 2 potions of curing


   Skills:
 + Level 5.2 Dodging
 - Level 2.4 Stealth
 - Level 3.0 Spellcasting
 + Level 6.2 Ice Magic


You had 3 spell levels left.
You knew the following spells:

 Your Spells              Type           Power      Damage    Failure   Level
a - Freeze                Ice            100%       1d11      1%          1
b - Ozocubu's Armour      Ice            43%        N/A       3%          3
c - Frozen Ramparts       Ice            86%        1d10      3%          3

Your spell library contained the following spells:

 Spells                   Type           Power      Damage    Failure   Level
 Hailstorm                Conj/Ice       24%        3d7       36%         4


Dungeon Overview and Level Annotations

Branches:
Dungeon (3/15)

Altars:

Annotations:
D:3 Grinder


Message History

You feel less invigorated.
You feel less confused. The bat barely misses you.
You sock the bat! You burn the bat.
You kill the bat!
Casting: Freeze (safe; 1% risk of failure)
Confirm with . or Enter, or press ? or * to list all spells.
Casting: Frozen Ramparts (dangerous; 3% risk of failure)
Press: ? - help, Dir - look around, f - activate You feel a surge of power!
The walls around you are covered in ice.
Grinder gestures at you. You resist with almost no effort.
Grinder blinks!
Grinder blinks!
Grinder resists.
The wall freezes Grinder.
Grinder completely resists.
The wall freezes Grinder but does no damage.
Casting: Frozen Ramparts (dangerous; 3% risk of failure)
Confirm with . or Enter, or press ? or * to list all spells.
Aiming: Freeze (safe; 1% risk of failure)
Press: ? - help, Shift-Dir - straight line, f - Grinder
Aim: Grinder (heavily wounded)
You feel a surge of power!
You freeze Grinder.
Grinder resists.
Grinder is severely wounded.
The frozen ramparts melt away.
Grinder gestures at you.
You suddenly lose the ability to move!
Grinder gestures at you.
You shrug off the repeated paralysis!
Grinder hits you!
You writhe in agony.
Grinder hits you.
* * * LOW HITPOINT WARNING * * *
You writhe in agony.
* * * LOW HITPOINT WARNING * * *
Grinder hits you.
* * * LOW HITPOINT WARNING * * *
You writhe in agony.
* * * LOW HITPOINT WARNING * * *
Grinder hits you.
You die...

...........# #
..........# # .......<.
# ...(... # ..... # )).
# #)# ############ #5#
#..........† #@#
#.########## #.######.#
#.# .........# #.#
#.#####..## #.# #.<.#
#.# #.#.# #.#
#.###.#.####.####
................###
...####.#######.#.#####


You could see Grinder.

Vanquished Creatures
  An orc priest (D:3)
  Crazy Yiuf (D:2)
  Jessica (D:2)
  An orc wizard (D:3)
  A gnoll (D:1)
  An adder (D:2)
  A worm (D:3)
  2 dart slugs (D:1)
  3 orcs (D:3)
  5 ball pythons
  7 bats
  5 endoplasms (D:2)
  2 giant cockroaches
  2 goblins (D:1)
  10 hobgoblins
  8 jackals
  4 kobolds (D:1)
  5 quokkas
  A frilled lizard (D:1)
  3 rats
64 creatures vanquished.

Vanquished Creatures (others)
  3 fungi (D:2)
3 creatures vanquished.

Grand Total: 67 creatures vanquished

Notes
Turn   | Place    | Note
-------+----------+-------------------------------------------
     0 | D:1      | buriedalive the Deep Elf Ice Elementalist began the quest
                  | for the Orb.
     0 | D:1      | Reached XP level 1. HP: 10/10 MP: 6/6
   332 | D:1      | Reached XP level 2. HP: 14/15 MP: 5/8
   596 | D:1      | Reached skill level 5 in Ice Magic
   596 | D:1      | Reached XP level 3. HP: 17/19 MP: 7/9
   932 | D:1      | Found a faded altar of an unknown god.
  1525 | D:2      | Learned a level 3 spell: Frozen Ramparts
  1529 | D:2      | Learned a level 3 spell: Ozocubu's Armour
  1954 | D:2      | Reached XP level 4. HP: 24/24 MP: 10/10
  2029 | D:2      | Noticed Jessica
  2033 | D:2      | Killed Jessica
  2327 | D:2      | Found a runed translucent door.
  2328 | D:2      | Noticed Crazy Yiuf
  2334 | D:2      | Killed Crazy Yiuf
  2546 | D:3      | Reached XP level 5. HP: 28/28 MP: 6/11
  2734 | D:3      | Noticed Grinder
  2741 | D:3      | Reached skill level 5 in Dodging
  2741 | D:3      | Reached skill level 6 in Ice Magic
  2767 | D:3      | Paralysed by Grinder for 7 turns
  2772 | D:3      | Slain by Grinder

Illustrated notes

Levels and vault maps discovered:
D:1:      zelgadis_glass_arrival_small, layout_rooms,
          ebering_ecumenical_altar_sacrificial,
          wander_ebering_terrifying_dragon_lair
D:2:      layout_loops_ring, uniq_jessica, uniq_crazy_yiuf_cottage
D:3:      layout_loops_ring, uniq_grinder

Skill      XL: |  1  2  3  4  5 |
---------------+----------------+-----
Dodging        | 3 4 5 |  5.2
Ice Magic      | 5 6 |  6.2
Stealth        | |  2.4
Spellcasting   | |  3.0

Action                   |  1- 3 |  4- 6 || total
-------------------------+-------+-------++-------
Melee: Short sword       |    48 |     6 ||    54
       Quarterstaff      |       |    16 ||    16
 Cast: Freeze            |    49 |    13 ||    62
       Frozen Ramparts   |       |     6 ||     6
  Use: Potion            |       |     4 ||     4
 Stab: Sleeping          |     8 |     1 ||     9
Armor: Robe              |    11 |     3 ||    14
Dodge: Dodged            |    63 |    22 ||    85
